 Dungeon Crawl Stone Soup version 0.28-a0-533-g9f97627e2a (webtiles) character file.

Game seed: 5565304906571596531

5 willcat the Sneak (level 1, -1/16 HPs)
             Began as an Octopode Delver on Sept 26, 2021.
             Succumbed to an adder's poison
             ... on level 5 of the Dungeon.
             The game lasted 00:00:28 (115 turns).

willcat the Sneak (Octopode Delver)                  Turns: 115, Time: 00:00:28

Health: -1/16      AC:  1    Str: 11    XL:     1   Next: 80%
Magic:  1/1        EV: 13    Int: 12    God:
Gold:   12         SH:  0    Dex: 13    Spells: 0/0 levels left

rFire   . . .      SeeInvis .   a - +0 short sword
rCold   . . .      Faith    .   (no shield)
rNeg    . . .      Spirit   .   (helmet restricted)
rPois   .          Reflect  .   (no amulet)
rElec   .          Harm     .   (no ring)
rCorr   .          Rampage  .   (no ring)
Will    .....                   (no ring)
Stlth   ++++......              (no ring)
HPRegen 0.05/turn               (no ring)
MPRegen 0.07/turn               (no ring)
                                (no ring)
                                (no ring)

@: lethally poisoned (-1 -> -8)
A: almost no armour, amphibious, 8 rings, camouflage 1, gelatinous body 1,
(nimble swimmer 1), tentacles
a: no special abilities


You were on level 5 of the Dungeon.
You visited 1 branch of the dungeon, and saw 1 of its levels.

You collected 12 gold pieces.

Inventory:

Hand Weapons
 a - a +0 short sword (weapon)
Wands
 f - a wand of digging (3)
Scrolls
 b - a scroll of fog
 c - a scroll of magic mapping
 d - a scroll of teleportation {unknown}
Potions
 e - a potion of haste


   Skills:
 - Level 3.0 Fighting
 + Level 2.2 Short Blades
 + Level 2.1 Dodging
 + Level 6.7 Stealth


You couldn't memorise any spells.
You didn't know any spells.
Your spell library was empty.

Dungeon Overview and Level Annotations

Branches:
Dungeon (5/15)
 Temple: D:4-7

Altars:


Innate Abilities, Weirdness & Mutations

You cannot wear most types of armour.
You are amphibious.
You can wear up to eight rings at the same time.
Your skin changes colour to match your surroundings (Stealth+).
Your rubbery body absorbs attacks. (AC +1, EV +1)
((You are camouflaged near water. (Stealth+)))
You have tentacles for arms and can constrict up to eight enemies at once.


Message History

An orc comes into view. It is wielding a +0 war axe.
An orc comes into view. It is wielding a +0 short sword.
You see here a scroll labelled UNKIUTITUA.
You see here a scroll labelled UNKIUTITUA.
An orc priest comes into view. It is wielding a +0 short sword.
The helpless orc fails to defend itself.
You puncture the orc!
You kill the orc!
The orc priest shouts!
You hear a shout!
An orc comes into view. It is wielding a +0 flail.
The orc priest mumbles some strange prayers to Beogh against you.
Beogh smites you!
Ouch! That really hurt!
You see here a scroll labelled UNKIUTITUA.
g - a scroll labelled UNKIUTITUA The orc hits you with a +0 short sword.
* * * LOW HITPOINT WARNING * * *
You closely miss the orc. Your grab misses the orc. You squeeze the orc!
You kill the orc!
Unknown command.
As you read the scroll labelled UNKIUTITUA, it crumbles to dust.
You hear a loud clanging noise!
It was a scroll of noise.
As you read the scroll of fear, it crumbles to dust.
You assume a fearsome visage.
The orc priest looks frightened!
A scorpion comes into view.
The scorpion moves out of view.
Found a scroll labelled ZECHOW SAGUPO.
Found a stone staircase leading up.
Found a scroll labelled IPNEIRO AGYM.
You hear the slow hiss of a very distant avalanche of sand.
You see here a scroll labelled ZECHOW SAGUPO.
d - a scroll labelled ZECHOW SAGUPO The adder hisses angrily.
You see here a scroll labelled IPNEIRO AGYM.
The adder closely misses you. The adder bites you.
* * * LOW HITPOINT WARNING * * *
You are lethally poisoned!
The adder poisons you!
You die...

#.# #.# #. #.# #. ## #.#
#..#. ..#
#..#.###.#######
#...............
#.##...#@# ###.##..S..#
#...###Y.#.###
#...o..........
#...###....####
##.?###....# #..##.....#
#....#
####..###....####....##.#
#..........#.# .....(.#.#


You could see an ice beast and an adder.

Vanquished Creatures
  2 orcs (D:5)
  A quokka (D:5)
3 creatures vanquished.

Notes
Turn   | Place    | Note
-------+----------+-------------------------------------------
     0 | D:5      | willcat the Octopode Delver began the quest for the Orb.
     0 | D:5      | Reached XP level 1. HP: 16/16 MP: 1/1
    26 | D:5      | Noticed an ice beast
    68 | D:5      | Noticed an orc priest
    91 | D:5      | Noticed a scorpion
   115 | D:5      | Succumbed to an adder's poison

Illustrated notes

Levels and vault maps discovered:
D:5:      layout_loops_ring, amcnicky_altar_gilded, enter_ossuary_2,
          kennysheep_path_1

Action                   || total
-------------------------++-------
Melee: Short sword       ||     3
       Tentacles         ||     1
  Use: Scroll            ||     2
 Stab: Sleeping          ||     2
Dodge: Dodged            ||     1

Table legend: (Time is in decaauts)
 A = Elapsed time spent in this place.
 B = Non-inter-level travel time spent in this place.
 C = Inter-level travel time spent in this place.
 D = Time resting spent in this place.
 E = Time spent auto-exploring this place.
 F = Levels seen in this place.
 G = Mean time per level.
                   A        B        C        D        E       F      G
               +--------+--------+--------+--------+--------+-----+--------+
         Total |    115 |    115 |      0 |      0 |     21 |   1 |  115.0 |
       Dungeon |    115 |    115 |      0 |      0 |     21 |   1 |  115.0 |
               +--------+--------+--------+--------+--------+-----+--------+

Top non-repeatable levels by time:
     D:5: 115 daAuts
